 Dungeon Crawl Stone Soup version 0.21.0-25-ge575cb9 (webtiles) character file.

166 troglodite the Charmwright (level 5, -3/43 HPs)
             Began as a Gnoll Skald on Jan 24, 2018.
             Slain by Crazy Yiuf
             ... wielding a +4 quarterstaff of chaos
              (19 damage)
             ... on level 3 of the Dungeon.
             The game lasted 00:07:53 (2608 turns).

troglodite the Charmwright (Gnoll Skald)            Turns: 2608, Time: 00:07:54

Health: -3/43      AC:  6    Str: 12    XL:     5   Next: 47%
Magic:  7/12       EV: 10    Int: 15    God:
Gold:   164        SH:  0    Dex: 14    Spells: 7/14 levels left

rFire    x . .     SeeInvis .   a - +0 falchion
rCold    + . .     Gourm    .   (no shield)
rNeg     . . .     Faith    .   i - +0 scale mail
rPois    .         Spirit   .   (no helmet)
rElec    .         Reflect  .   (no cloak)
rCorr    .         Harm     .   (no gloves)
MR       .....                  (no boots)
Stlth    ..........             (no amulet)
HPRegen  0.14/turn              j - ring of ice
MPRegen  0.13/turn              m - -3 ring of strength (curse)

@: very slightly contaminated, glowing, drained
A: distributed training, fangs 1, strong nose
a: no special abilities


You were on level 3 of the Dungeon.
You were not hungry.

You visited 1 branch of the dungeon, and saw 3 of its levels.

You collected 164 gold pieces.

Inventory:

Hand Weapons
 a - a +0 falchion (weapon)
Armour
 i - a +0 scale mail (worn)
Jewellery
 j - a ring of ice (left hand)
 m - a cursed -3 ring of strength (right hand)
Wands
 k - a wand of polymorph (10)
Scrolls
 b - a scroll of teleportation {unknown}
 f - a scroll of amnesia {unknown}
 g - 2 scrolls of remove curse {unknown}
 n - 3 scrolls of blinking {unknown}
 p - 5 scrolls of identify {unknown}
Potions
 e - a potion of ambrosia {unknown}
 h - a potion of brilliance {unknown}
 l - a potion of cancellation {unknown}
 o - 2 potions of lignification {unknown}
Books
 c - a book of Battle

   Spells                             Type                      Level
   a - Infusion                       Charms                       1
   b - Shroud of Golubria             Charms/Translocation         2
   c - Song of Slaying                Charms                       2
   d - Spectral Weapon                Hexes/Charms                 3
   e - Regeneration                   Charms/Necromancy            3
Comestibles
 d - 6 rations
 q - 4 chunks of flesh


   Skills:
 + Level 4.8(4.0) Fighting
 + Level 1.4(0.8) Short Blades
 + Level 4.8(4.0) Long Blades
 + Level 1.4(0.8) Axes
 + Level 1.4(0.8) Maces & Flails
 + Level 1.4(0.8) Polearms
 + Level 1.4(0.8) Staves
 + Level 1.4(0.8) Slings
 + Level 1.4(0.8) Bows
 + Level 1.4(0.8) Crossbows
 + Level 1.4(0.8) Throwing
 + Level 3.0(2.3) Armour
 + Level 4.8(4.0) Dodging
 + Level 1.4(0.8) Stealth
 + Level 1.4(0.8) Shields
 + Level 1.4(0.8) Unarmed Combat
 + Level 5.2(4.4) Spellcasting
 + Level 1.1(0.5) Conjurations
 + Level 1.1(0.5) Hexes
 + Level 5.5(4.8) Charms
 + Level 1.1(0.5) Summonings
 + Level 1.1(0.5) Necromancy
 + Level 1.1(0.5) Translocations
 + Level 1.1(0.5) Transmutations
 + Level 1.1(0.5) Fire Magic
 + Level 1.1(0.5) Ice Magic
 + Level 1.1(0.5) Air Magic
 + Level 1.1(0.5) Earth Magic
 + Level 1.1(0.5) Poison Magic
 + Level 1.6(1.0) Invocations
 + Level 1.4(0.8) Evocations


You had 7 spell levels left.
You knew the following spells:

 Your Spells              Type           Power        Failure   Level  Hunger
a - Infusion              Chrm           ###.         12%         1    None
b - Spectral Weapon       Hex/Chrm       ##......     65%         3    ###....
c - Regeneration          Chrm/Necr      ##........   65%         3    ###....


Dungeon Overview and Level Annotations

Branches:
Dungeon (3/15)

Altars:
Yredelemnul
The Shining One

Annotations:
D:3 Crazy Yiuf


Innate Abilities, Weirdness & Mutations

Your experience applies equally to all skills.
You have very sharp teeth.
Your uncanny sense of smell can sniff out nearby items.


Message History

There is a stone staircase leading down here.
You open the door.
Some of the chunks of flesh in your inventory have rotted away.
Found a runed door.
You open the door.
Crazy Yiuf the Enlightened comes into view.
He is wielding a quarterstaff of chaos.
Crazy Yiuf shouts!
Found a mace.
Casting: Spectral Weapon
Confirm with . or Enter, or press ? or * to list all spells.
You miscast Spectral Weapon.
You are very lightly contaminated with residual magic.
You are outlined in light.
Crazy Yiuf drinks a potion.
Crazy Yiuf goes berserk!
Crazy Yiuf hits you with a quarterstaff of chaos!!
You feel drained.
Casting: Spectral Weapon
Confirm with . or Enter, or press ? or * to list all spells.
You miscast Spectral Weapon.
Your hands glow momentarily.
Crazy Yiuf hits you with a quarterstaff of chaos!!
You die...

#... .# #.## ∆ ###. #####...
#.. #.....## #.# #.###...
#########.# #.###.## ###
###.#.P.'...####.##...#
#...##g.#.P......##......_..
#...'.####g@.......>.#.#...#
#)..### ##P.'.#####.#.##.##
### ###### #.#....##
######.####...
#............##
###########..# ........###
#######.# # #..# #


You could see Crazy Yiuf (berserk).

Vanquished Creatures
  An orc priest (D:3)
  An orc wizard (D:3)
  Robin (D:2)
  2 adders (D:2)
  2 worms (D:2)
  3 dart slugs (D:1)
  2 leopard geckos
  9 orcs (D:3)
  13 goblins (D:2)
  3 hobgoblins
  7 jackals (D:3)
  5 kobolds
  A ball python (D:1)
  3 bats
  2 frilled lizards
  4 rats
59 creatures vanquished.

Notes
Turn   | Place    | Note
-------+----------+-------------------------------------------
     0 | D:1      | troglodite the Gnoll Skald began the quest for the Orb.
     0 | D:1      | Reached XP level 1. HP: 20/20 MP: 6/6
   135 | D:1      | Reached XP level 2. HP: 26/26 MP: 7/7
   662 | D:2      | Reached XP level 3. HP: 24/31 MP: 9/9
   701 | D:2      | Reached skill level 5 in Spellcasting
   762 | D:2      | Learned a level 3 spell: Spectral Weapon
   766 | D:2      | Learned a level 3 spell: Regeneration
  1047 | D:2      | Reached skill level 1 in Invocations
  1180 | D:2      | Noticed Robin
  1205 | D:2      | Reached skill level 1 in Short Blades
  1205 | D:2      | Reached skill level 1 in Axes
  1205 | D:2      | Reached skill level 1 in Maces & Flails
  1205 | D:2      | Reached skill level 1 in Polearms
  1205 | D:2      | Reached skill level 1 in Staves
  1205 | D:2      | Reached skill level 1 in Slings
  1205 | D:2      | Reached skill level 1 in Bows
  1205 | D:2      | Reached skill level 1 in Crossbows
  1205 | D:2      | Reached skill level 1 in Throwing
  1205 | D:2      | Reached skill level 1 in Stealth
  1205 | D:2      | Reached skill level 1 in Shields
  1205 | D:2      | Reached skill level 1 in Unarmed Combat
  1205 | D:2      | Reached skill level 1 in Evocations
  1206 | D:2      | Killed Robin
  1206 | D:2      | Reached XP level 4. HP: 33/38 MP: 7/11
  1832 | D:3      | Reached skill level 1 in Conjurations
  1832 | D:3      | Reached skill level 1 in Hexes
  1832 | D:3      | Reached skill level 1 in Summonings
  1832 | D:3      | Reached skill level 1 in Necromancy
  1832 | D:3      | Reached skill level 1 in Translocations
  1832 | D:3      | Reached skill level 1 in Transmutations
  1832 | D:3      | Reached skill level 1 in Fire Magic
  1832 | D:3      | Reached skill level 1 in Ice Magic
  1832 | D:3      | Reached skill level 1 in Air Magic
  1832 | D:3      | Reached skill level 1 in Earth Magic
  1832 | D:3      | Reached skill level 1 in Poison Magic
  1868 | D:3      | Reached XP level 5. HP: 26/43 MP: 12/12
  2280 | D:3      | Found a glowing golden altar of the Shining One.
  2561 | D:3      | Found a basalt altar of Yredelemnul.
  2596 | D:3      | Found a runed door.
  2600 | D:3      | Noticed Crazy Yiuf
  2608 | D:3      | Slain by Crazy Yiuf

Skill      XL: |  1  2  3  4  5 |
---------------+----------------+-----
Spellcasting   | 5 |  5.2
Invocations    | 1 |  1.6
Short Blades   | 1 |  1.4
Axes           | 1 |  1.4
Maces & Flails | 1 |  1.4
Polearms       | 1 |  1.4
Staves         | 1 |  1.4
Slings         | 1 |  1.4
Bows           | 1 |  1.4
Crossbows      | 1 |  1.4
Throwing       | 1 |  1.4
Stealth        | 1 |  1.4
Shields        | 1 |  1.4
Unarmed Combat | 1 |  1.4
Evocations     | 1 |  1.4
Conjurations   | 1 |  1.1
Hexes          | 1 |  1.1
Summonings     | 1 |  1.1
Necromancy     | 1 |  1.1
Translocations | 1 |  1.1
Transmutations | 1 |  1.1
Fire Magic     | 1 |  1.1
Ice Magic      | 1 |  1.1
Air Magic      | 1 |  1.1
Earth Magic    | 1 |  1.1
Poison Magic   | 1 |  1.1
Armour         | 3 |  3.0
Fighting       | |  4.8
Long Blades    | |  4.8
Dodging        | |  4.8
Charms         | |  5.5

Action                   |  1- 3 |  4- 6 || total
-------------------------+-------+-------++-------
Melee: Falchion          |    67 |    86 ||   153
       Bite              |     6 |    15 ||    21
 Cast: Spectral Weapon   |     1 |     4 ||     5
  Eat: Chunk             |       |     6 ||     6
Armor: Leather armour    |     2 |       ||     2
       Scale mail        |    22 |    40 ||    62
Dodge: Dodged            |    47 |    58 ||   105
       Rpst.: Falchion   |    13 |    19 ||    32
